 Dungeon Crawl Stone Soup version 0.29.1-15-g9cfb28693d (webtiles) character file.

Game seed: 4017938507903407837

1194 javelincjr the Magician (level 8, 0/48 HPs)
             Began as a Deep Elf Conjurer on Mar 15, 2023.
             Was an Initiate of Sif Muna.
             Slain by an ufetubus (4 damage)
             ... on level 5 of the Dungeon.
             The game lasted 00:24:44 (7146 turns).

javelincjr the Magician (Deep Elf Conjurer)         Turns: 7146, Time: 00:24:45

Health: 0/48       AC:  3    Str:  6    XL:     8   Next: 20%
Magic:  17/20      EV: 13    Int: 24    God:    Sif Muna [......]
Gold:   322        SH:  4    Dex: 13    Spells: 8/21 levels left

rFire   . . .      SeeInvis .   d - staff of earth
rCold   . . .      Faith    .   s - +0 buckler
rNeg    . . .      Spirit   .   a - +0 robe
rPois   .          Reflect  .   (no helmet)
rElec   .          Harm     .   q - +0 cloak
rCorr   .          Rampage  .   (no gloves)
Will    .....                   (no boots)
Stlth   +++.......              (no amulet)
HPRegen 0.16/turn               l - ring of wizardry
MPRegen 0.17/turn               (no ring)

@: no status effects
A: no striking features
a: Renounce Religion


You were on level 5 of the Dungeon.
You worshipped Sif Muna.
Sif Muna was noncommittal.
You visited 2 branches of the dungeon, and saw 7 of its levels.

You collected 322 gold pieces.

Inventory:

Hand Weapons
 h - a +1 vampiric dagger
 o - a +0 flail of protection
 u - a +1 spear
Armour
 a - a +0 robe (worn)
 q - a +0 cloak (worn)
 s - a +0 buckler (worn)
Magical Staves
 d - a staff of earth (weapon)
Jewellery
 l - a ring of wizardry (left hand)
Wands
 y - a wand of acid (10)
 A - a wand of roots (8)
Scrolls
 b - a scroll of butterflies
 e - a scroll of blinking
 j - 2 scrolls of enchant weapon {unknown}
 m - a scroll of amnesia {unknown}
 n - 2 scrolls of magic mapping
 p - a scroll of poison {unknown}
 r - a scroll of noise {unknown}
 w - 3 scrolls of identify
 x - a scroll of enchant armour {unknown}
 z - a scroll of silence {unknown}
Potions
 g - 3 potions of curing
 i - a potion of attraction {unknown}
 k - 2 potions of degeneration {unknown}
 t - a potion of heal wounds {unknown}
 v - a potion of lignification {unknown}


   Skills:
 * Level 4.0 Fighting
 + Level 4.8 Dodging
 + Level 5.0 Stealth
 + Level 2.0 Shields
 * Level 7.1 Spellcasting
 + Level 5.8 Conjurations


You had 8 spell levels left.
You knew the following spells:

 Your Spells              Type           Power      Damage    Failure   Level
a - Magic Dart            Conj           100%       1d8       1%          1
b - Searing Ray           Conj           72%        2d7       1%          2
c - Poisonous Vapours     Pois/Air       16%        N/A       6%          2
d - Fulminant Prism       Conj/Hex       11%        3d9       12%         4
e - Iskenderun's Mystic   Conj/Tloc      22%        2d6       12%         4

Your spell library contained the following spells:

 Spells                   Type           Power      Damage    Failure   Level
 Dazzling Flash           Conj/Hex       44%        N/A       3%          3
 Animate Armour           Summ/Erth      24%        N/A       34%         4
 Corpse Rot               Necr/Pois/Air  8%         N/A       34%         4
 Blade Hands              Tmut           4%         N/A       67%         5
 Iron Shot                Conj/Erth      16%        9d4       83%         6


Dungeon Overview and Level Annotations

Branches:
Dungeon (6/15)             Temple (1/1) D:5

Altars:
Ashenzari
Fedhas
Gozag
Hepliaklqana
Makhleb
Nemelex Xobeh
Qazlal
Ru
Sif Muna
Trog
Uskayaw
Vehumet
Wu Jian
Xom
Yredelemnul
Zin
The Shining One

Shops:
D:3 :


Message History

The ufetubus closely misses you. The ufetubus hits you.
The black bear bites you! The black bear barely misses you.
The black bear misses you. The bullfrog closely misses you.
The ufetubus barely misses you. x2; The black bear misses you. x2
The black bear claws you. The gnoll hits you with a +0 flail.
The bullfrog hits you.
There is a stone staircase leading up, spattered with blood here.
The ufetubus closely misses you. The ufetubus hits you.
The bullfrog hits you but does no damage.
The gnoll closely misses you. The black bear bites you!
The black bear claws you but does no damage.
The black bear barely misses you. You block the ufetubus's attack.
The ufetubus barely misses you.
You climb upwards.
There is a stone staircase leading down, spattered with blood here.
Casting: Searing Ray (safe; 1% risk of failure)
Confirm with . or Enter, or press ? or * to list all spells.
Aiming: Searing Ray (safe; 1% risk of failure)
Press: ? - help, Shift-Dir - straight line, f - gnoll
Aim: a gnoll, wielding a +0 flail (83% to hit)
The searing ray hits the gnoll!
The gnoll is heavily wounded. (Press . to maintain the ray.)
The bullfrog hits you but does no damage.
The ufetubus hits you but does no damage.
The ufetubus barely misses you. The black bear barely misses you.
The black bear claws you. x2; The gnoll hits you with a +0 flail.
The bullfrog barely misses you.
The searing ray hits the gnoll.
The gnoll is almost dead.
The ufetubus hits you.
* * * LOW HITPOINT WARNING * * *
The ufetubus hits you but does no damage.
You block the bullfrog's attack.
The black bear bites you but does no damage.
The black bear closely misses you. The black bear barely misses you.
The gnoll hits you with a +0 flail!
* * * LOW HITPOINT WARNING * * *
The ufetubus hits you.
You die...

#.#.>.#.##..# #.###...# #♣...
............### #.#..[### #⌠...
...#.#.#......#####...#[# #♣...
##.#.#.#.#..#..##...###.#####(...
.........#..##.##.#.###[....##8..
.#.##.#.....##.##.#....<####.##.♣
.#....#.##.###....########....###
...........# ##5h## #............
############ #F@# #.####.#.#...
##g####.# #.#.#.## #.#....#
#.#.#.#. #.#.#######.#.#.#.
#.#......##...#.#.
#.#......######.## #.#........#
#... #.#.####...# ##### #.#.#
#...# #....


You could see a black bear, a bullfrog, a gnoll and an ufetubus.

Vanquished Creatures
  The ghost of Barneous the Firebug, a novice OpWn (D:5)
  An ogre (D:4)
  A phantom (D:5)
  4 wights (D:5)
  A howler monkey (D:5)
  2 jellies
  4 hounds
  Jessica (D:2)
  Natasha (twice) (D:4 D:3)
  An iguana (D:5)
  7 gnolls
  6 adders
  2 white imps (D:5)
  3 ufetubi
  The ghost of leafyfresh the Sneak, a weakling OpDe (D:5)
  3 dart slugs
  12 orcs
  9 ball pythons
  4 bats
  6 endoplasms
  3 giant cockroaches
  8 goblins
  11 hobgoblins
  5 jackals
  4 quokkas
  4 frilled lizards
  3 kobolds
  20 rats
129 creatures vanquished.

Vanquished Creatures (others)
  4 fulminant prisms
4 creatures vanquished.

Grand Total: 133 creatures vanquished

Notes
Turn   | Place    | Note
-------+----------+-------------------------------------------
     0 | D:1      | javelincjr the Deep Elf Conjurer began the quest for the
                  | Orb.
     0 | D:1      | Reached XP level 1. HP: 10/10 MP: 6/6
   185 | D:1      | Reached XP level 2. HP: 16/16 MP: 4/8
  1094 | D:2      | Reached XP level 3. HP: 20/20 MP: 5/10
  1160 | D:2      | Reached skill level 1 in Fighting
  1166 | D:2      | Learned a level 2 spell: Searing Ray
  1826 | D:2      | Noticed Jessica
  1829 | D:2      | Killed Jessica
  1830 | D:2      | Reached skill level 4 in Spellcasting
  1830 | D:2      | Reached XP level 4. HP: 25/25 MP: 8/12
  2062 | D:3      | Found a faded altar of an unknown god.
  2277 | D:3      | Learned a level 2 spell: Poisonous Vapours
  2374 | D:3      | Found Nisuurab's Book Boutique.
  2549 | D:3      | Reached XP level 5. HP: 30/30 MP: 2/13
  3279 | D:4      | Learned a level 4 spell: Fulminant Prism
  3284 | D:4      | Learned a level 4 spell: Iskenderun's Mystic Blast
  3484 | D:4      | Noticed Natasha
  3492 | D:4      | Killed Natasha
  3631 | D:4      | Reached skill level 5 in Spellcasting
  3759 | D:4      | Noticed Natasha
  3760 | D:4      | Noticed an ogre
  3778 | D:3      | Killed Natasha
  3779 | D:3      | Reached XP level 6. HP: 3/36 MP: 3/15
  4140 | D:4      | Reached skill level 5 in Conjurations
  4553 | D:5      | Entered Level 5 of the Dungeon
  4560 | D:5      | Reached skill level 1 in Shields
  4561 | D:5      | Reached XP level 7. HP: 10/41 MP: 4/17
  4561 | D:5      | HP: 1/41 [white imp/puff of frost (9)]
  5048 | D:5      | Found a staircase to the Ecumenical Temple.
  5053 | D:5      | Reached skill level 6 in Spellcasting
  5064 | Temple   | Entered the Ecumenical Temple
  5408 | Temple   | Became a worshipper of Sif Muna the Loreminder
  5940 | D:5      | Found a runed translucent gate.
  5940 | D:5      | Found a runed translucent gate.
  5940 | D:5      | Found a runed translucent gate.
  5941 | D:5      | Noticed leafyfresh's ghost (weakling OpDe)
  5941 | D:5      | Noticed Barneous's ghost (novice OpWn)
  6658 | D:5      | Killed leafyfresh's ghost
  6666 | D:5      | Killed Barneous's ghost
  6667 | D:5      | Reached XP level 8. HP: 34/48 MP: 0/20
  6862 | D:5      | Reached skill level 7 in Spellcasting
  6866 | D:5      | Reached skill level 5 in Stealth
  7146 | D:5      | Slain by an ufetubus

Illustrated notes

Levels and vault maps discovered:
D:1:      wander_arrival_estate, layout_basic
D:2:      layout_loops_ring, uniq_jessica
D:3:      layout_loops_ring, ebering_ecumenical_altar_petrified, serial_shops,
          shop_fountains, grunt_decor_cap, minmay_rat_hole
D:4:      layout_gridville, uniq_natasha
D:5:      layout_basic, minmay_temple_entry_ruins, gammafunk_ghost_cemetery
D:6:      layout_basic, marbit_many_paths, minmay_fractal_squares_5,
          uniq_sigmund
Temple:   minmay_temple_bridge_d

Skill      XL: |  1  2  3  4  5  6  7  8 |
---------------+-------------------------+-----
Fighting       | 1 2 3 4 |  4.0
Dodging        | 3 4 |  4.8
Stealth        | 3 4 5 |  5.0
Spellcasting   | 4 5 6 7 |  7.1
Conjurations   | 5 |  5.8
Shields        | 1 2 |  2.0

Action                   |  1- 3 |  4- 6 |  7- 9 || total
-------------------------+-------+-------+-------++-------
Melee: Staff             |       |       |    10 ||    10
 Cast: Magic Dart        |    74 |    77 |    32 ||   183
       Searing Ray       |       |    14 |    16 ||    30
       Poisonous Vapours |       |    13 |     1 ||    14
       Iskenderun's Myst |       |     3 |     5 ||     8
       Fulminant Prism   |       |     1 |     3 ||     4
  Use: Potion            |       |     1 |     2 ||     3
       Scroll            |       |       |     3 ||     3
Armor: Robe              |       |     3 |    15 ||    18
Dodge: Dodged            |     1 |    13 |    61 ||    75
Block: Buckler           |       |       |    12 ||    12
